Map: Orbital Depot

Players

PROCURATOR - Winner!

  • Race: Terran Terran
  • Spawn Location: 3:00

Honor - Winner!

  • Race: Protoss Protoss
  • Spawn Location: 3:00

Bart - Winner!

  • Race: Terran Terran
  • League: Diamond
  • Spawn Location: 1:00

Loken

  • Race: Protoss Protoss
  • League: Platinum
  • Spawn Location: 7:00

dallaskuken

  • Race: Protoss Protoss
  • League: Platinum
  • Spawn Location: 9:00

Myran

  • Race: Protoss Protoss
  • Spawn Location: 9:00

VOD

Have the link to the VOD?

Description

Time

  • Played on: April 4, 2017, 5:18 p.m.
  • Length: 15:15
Show
View Real Time Build Order
Export as new Build Order

PROCURATOR Terran - Winner!

Build Orders:  

Get SALT Encoding   

  12  0:01  SCV  
  13  0:13  SCV  
  14  0:22  Supply Depot  
  14  0:25  SCV  
  15  0:44  SCV  
  15  0:45  Barracks  
  16  0:59  Barracks  
  16  1:07  SCV  
  17  1:28  SCV  
  18  1:34  Marine  
  19  1:40  SCV  
  19  1:52  Marine x2  
  19  1:53  SCV  
  22  2:10  Marine  
  23  2:18  Barracks  
  23  2:29  Supply Depot  
  23  2:41  Refinery  
  23  2:50  SCV, Marine x2  
  25  3:08  Marine x2  
  27  3:18  Marine  
  26  3:26  Marine x2  
  27  3:27  Orbital Command  
  27  3:35  Marine  
  30  3:49  Refinery  
  30  3:53  Supply Depot  
  30  3:55  Barracks Tech Lab  
  30  3:57  Barracks Tech Lab  
  29  4:10  SCV  
  29  4:12  Engineering Bay  
  25  4:32  SCV  
  25  4:33  Marauder x2  
  30  4:44  SCV  
  31  4:46  Barracks Tech Lab  
  31  4:55  Marauder  
  31  4:56  Marauder, SCV  
  36  5:05  Marauder  
  38  5:08  SCV  
  39  5:18  Missile Turret  
  39  5:19  Missile Turret  
  39  5:36  Supply Depot  
  39  5:57  Marauder x3  
  41  6:19  Marauder x3  
  47  6:41  Marauder  
  47  6:44  Marauder  
  47  6:45  Marauder  
  39  7:02  SCV, Marine  
  39  7:03  Missile Turret  
  39  7:05  Missile Turret, Marine  
  39  7:06  Marine  
  43  7:15  SCV  
  44  7:19  Marine  
  45  7:23  Marine  
  45  7:24  Marine  
  45  7:26  Missile Turret  
  47  7:35  Supply Depot, Terran Infantry Weapons Level 1  
  47  7:48  Missile Turret  
  47  7:56  SCV, Marine x3  
  47  7:58  Supply Depot  
  51  8:08  SCV  
  52  8:14  Marine x3  
  55  8:21  Supply Depot  
  55  8:32  Marine x3  
  58  8:35  Command Center  
  58  8:49  Marine x3  
  61  9:07  Marine x3  
  64  9:25  Marine  
  64  9:26  Marauder x2  
  64  9:29  Terran Infantry Armor Level 1  
  59  9:43  Marine  
  59  9:46  Marine x2  
  59  10:01  Marine  
  59  10:04  Marine  
  59  10:05  Marauder  
  63  10:10  SCV  
  64  10:14  Orbital Command  
  64  10:18  Marine  
  65  10:22  SCV, Marine  
  65  10:26  Marine  
  64  10:37  Marauder  
  64  10:40  Reaper  
  68  10:54  SCV x2  
  70  11:03  Missile Turret  
  69  11:13  SCV x2  
  71  11:23  Hi-Sec Auto Tracking  
  71  11:25  SCV  
  66  11:41  SCV  
  66  11:43  Orbital Command  
  66  11:53  SCV  
  67  12:05  SCV  
  68  12:17  SCV  
  68  12:19  Barracks  
  68  12:20  Barracks  
  68  12:21  SCV  
  68  12:23  Barracks  
  68  12:25  Missile Turret  
  68  12:29  SCV  
  68  12:33  SCV  
  69  12:41  SCV  
  70  12:44  Neosteel Frame  
  70  12:45  SCV  
  70  12:46  Missile Turret  
  71  12:52  Supply Depot  
  71  12:53  SCV  
  71  12:55  Supply Depot  
  71  12:58  SCV  
  73  12:59  Supply Depot  
  73  13:06  SCV  
  73  13:08  Marine  
  73  13:10  SCV  
  73  13:11  Marine  
  73  13:12  Marine  
  78  13:18  SCV  
  79  13:22  SCV  
  79  13:25  Marine  
  81  13:29  Marine x2  
  82  13:43  Reaper  
  82  13:47  Marine x2  
  85  14:03  SCV x2  
  85  14:05  Marine x2  
  89  14:14  Refinery  
  89  14:15  Marine  
  90  14:18  Refinery  
  90  14:22  Marine  
  90  14:23  Marine  
  92  14:33  Marine  
  92  14:34  SCV  
  94  14:40  Marine  
  94  14:41  Marine  
  96  14:51  Marine  
Show
View Real Time Build Order
Export as new Build Order

Honor Protoss - Winner!

Build Orders: Cannon Rush 

Get SALT Encoding   

  12  0:02  Probe (Chrono Boost)  
  13  0:12  Probe (Chrono Boost)  
  14  0:19  Pylon  
  14  0:27  Probe (Chrono Boost)  
  15  0:37  Probe (Chrono Boost)  
  16  0:43  Forge  
  16  0:48  Probe (Chrono Boost)  
  17  0:56  Pylon  
  17  1:04  Probe (Chrono Boost)  
  18  1:17  Photon Cannon  
  18  1:20  Photon Cannon  
  18  1:34  Pylon  
  18  1:38  Probe (Chrono Boost)  
  19  1:51  Assimilator  
  19  1:54  Assimilator  
  19  1:59  Photon Cannon  
  19  2:06  Photon Cannon  
  19  2:08  Photon Cannon  
  19  2:15  Photon Cannon  
  19  2:25  Pylon  
  19  2:35  Photon Cannon  
  19  2:44  Photon Cannon  
  19  2:48  Pylon  
  19  3:01  Pylon  
  19  3:15  Photon Cannon  
  19  3:22  Photon Cannon  
  19  3:26  Photon Cannon  
  19  3:45  Probe (Chrono Boost)  
  19  3:46  Gateway  
  20  3:55  Probe (Chrono Boost)  
  21  4:00  Pylon  
  21  4:06  Probe (Chrono Boost)  
  20  4:16  Probe (Chrono Boost)  
  21  4:24  Pylon  
  21  4:27  Probe (Chrono Boost)  
  22  4:37  Probe (Chrono Boost)  
  23  4:45  Cybernetics Core  
  23  4:48  Photon Cannon  
  23  5:08  Photon Cannon  
  23  5:11  Probe (Chrono Boost)  
  24  5:16  Pylon  
  24  5:35  Stargate  
  24  5:37  Stargate  
  24  6:14  Pylon  
  32  6:45  Nexus  
  32  6:51  Stargate  
  24  7:01  Stargate  
  24  7:03  Phoenix  
  24  7:05  Pylon  
  25  7:16  Phoenix  
  27  7:29  Phoenix  
  27  7:33  Phoenix  
  31  7:44  Phoenix  
  31  7:45  Phoenix  
  35  7:56  Phoenix  
  35  7:57  Phoenix  
  40  8:20  Probe (Chrono Boost)  
  40  8:24  Assimilator  
  40  8:30  Phoenix, Probe (Chrono Boost)  
  43  8:40  Phoenix  
  43  8:41  Probe (Chrono Boost)  
  46  8:51  Probe (Chrono Boost)  
  44  9:04  Phoenix  
  28  10:03  Pylon  
  27  10:22  Nexus  
  25  11:48  Phoenix x2  
  25  11:50  Pylon  
  25  11:57  Pylon  
  25  12:05  Pylon  
  25  12:07  Pylon  
  26  12:08  Probe (Chrono Boost)  
  26  12:14  Phoenix  
  28  12:16  Phoenix  
  28  12:19  Probe (Chrono Boost)  
  28  12:22  Assimilator  
  31  12:26  Assimilator  
  31  12:29  Probe (Chrono Boost)  
  32  12:51  Probe (Chrono Boost)  
  33  13:01  Probe (Chrono Boost)  
  34  13:11  Phoenix  
  34  13:12  Probe (Chrono Boost)  
  37  13:22  Probe (Chrono Boost)  
  38  13:33  Probe (Chrono Boost)  
  39  13:40  Phoenix  
  41  14:12  Phoenix x2  
  45  14:33  Phoenix  
  51  15:08  Nexus  
Show
View Real Time Build Order
Export as new Build Order

Bart Terran - Winner!

Build Orders: MMM Bio 

Get SALT Encoding   

  12  0:01  SCV  
  13  0:13  SCV  
  14  0:18  Supply Depot  
  14  0:25  Refinery, SCV  
  15  0:35  Refinery  
  15  0:39  SCV  
  16  0:45  Barracks  
  16  0:51  SCV  
  16  0:56  Barracks  
  17  1:03  SCV  
  18  1:10  Barracks  
  18  1:16  SCV  
  19  1:28  SCV  
  19  1:32  Supply Depot  
  20  1:33  Marine  
  22  1:55  Barracks Tech Lab  
  22  2:01  Factory  
  21  2:02  Orbital Command  
  21  2:07  Marine, Supply Depot  
  21  2:08  Marine  
  22  2:14  Marine  
  24  2:19  Stimpack  
  24  2:24  Marine  
  25  2:31  Marine  
  25  2:32  Marauder  
  28  2:40  SCV  
  29  2:45  Supply Depot  
  29  2:49  Starport  
  29  2:52  Factory Reactor  
  29  2:53  Marine  
  29  2:56  Marine  
  33  3:05  Marauder  
  33  3:11  Marine  
  34  3:14  Marine  
  33  3:27  Marauder  
  33  3:29  Marine  
  33  3:32  Marine  
  35  3:37  Supply Depot  
  35  3:38  Medivac  
  36  3:47  Marine  
  38  3:48  Marauder  
  38  3:50  Marine  
  38  3:51  Medivac  
  39  4:03  Factory Tech Lab  
  39  4:04  Marine  
  39  4:07  Marine  
  43  4:10  Marauder, Engineering Bay  
  41  4:21  Viking  
  41  4:22  Marine  
  43  4:25  Marine  
  45  4:31  Marauder  
  45  4:38  Missile Turret  
  41  4:47  Marine x2  
  41  4:52  Marauder  
  44  5:04  Marine x2  
  46  5:14  Marauder  
  48  5:22  Marine  
  47  5:35  Marauder  
  49  5:56  Marauder  
  42  6:31  Marine  
  42  6:32  Marine x2  
  45  6:34  Medivac x2  
  43  6:41  Command Center  
  43  6:46  Combat Shields  
  41  6:49  Marine  
  41  6:50  Marauder  
  44  7:04  Viking x2  
  44  7:05  Widow Mine  
  50  7:12  Marauder  
  50  7:15  Marine x2  
  54  7:29  Supply Depot  
  54  7:54  Viking x2  
  58  8:04  SCV  
  59  8:13  Marine x2  
  61  8:42  Widow Mine  
  63  9:10  Marine x2  
  63  9:11  Marauder  
  67  9:27  Refinery  
  67  9:28  Marine  
  67  9:30  Refinery  
  67  9:32  Marauder  
  66  9:43  Marine  
  55  9:45  Marine  
  54  10:09  Medivac x2  
  56  11:15  Widow Mine  
  56  11:16  Marine x3  
  61  11:34  Marine x3  
  64  11:44  Widow Mine  
  66  11:52  Marine  
  57  12:11  Missile Turret  
  57  12:12  Orbital Command  
  57  12:13  Missile Turret  
  56  12:41  SCV  
  57  12:53  SCV  
  58  13:05  SCV  
  59  13:06  Marine x2  
  61  13:25  Marauder  
  63  13:36  Marine  
  64  13:44  SCV  
  64  13:46  SCV, Marine  
  67  13:56  SCV  
  67  13:58  SCV  
  69  14:04  Marauder  
  69  14:08  SCV  
  72  14:10  SCV  
  73  14:20  SCV  
  74  14:25  Marauder  
  76  14:32  Marine  
  77  15:01  Supply Depot  
  77  15:04  Supply Depot  
  77  15:12  Barracks  
  77  15:14  Barracks  
Show
View Real Time Build Order
Export as new Build Order

Loken Protoss 

Build Orders: Oracle Opening 

Get SALT Encoding   

  12  0:01  Probe (Chrono Boost)  
  13  0:12  Probe (Chrono Boost)  
  14  0:14  Pylon  
  14  0:22  Probe (Chrono Boost)  
  14  0:25  Assimilator  
  15  0:29  Assimilator  
  15  0:33  Probe (Chrono Boost)  
  16  0:40  Gateway  
  16  0:44  Probe (Chrono Boost)  
  17  0:54  Probe (Chrono Boost)  
  18  1:05  Probe (Chrono Boost)  
  18  1:07  Pylon  
  19  1:28  Cybernetics Core  
  19  1:34  Pylon, Probe (Chrono Boost)  
  20  1:49  Probe (Chrono Boost)  
  21  2:05  Stargate x2  
  21  2:19  Warp Gate  
  21  2:26  Stalker  
  21  2:28  Probe (Chrono Boost)  
  24  2:32  Nexus  
  24  2:34  Pylon  
  24  2:51  Oracle  
  27  3:01  Void Ray  
  31  3:23  Assimilator  
  29  3:28  Assimilator  
  29  3:34  Void Ray  
  33  3:46  Probe (Chrono Boost)  
  34  3:57  Probe (Chrono Boost)  
  35  4:07  Probe (Chrono Boost)  
  36  4:35  Probe (Chrono Boost)  
  37  4:39  Void Ray x2  
  37  4:45  Gateway  
  45  4:46  Gateway, Probe (Chrono Boost)  
  45  4:48  Gateway  
  45  4:50  Gateway  
  46  4:54  Gateway x2  
  46  4:57  Gateway  
  47  5:00  Probe (Chrono Boost)  
  47  5:08  Pylon  
  47  5:10  Probe (Chrono Boost)  
  45  5:22  Void Ray  
  49  5:34  Void Ray  
  53  6:04  Zealot x4  
  40  6:57  Probe (Chrono Boost)  
  41  7:03  Probe (Chrono Boost)  
  41  7:07  Probe (Chrono Boost)  
  43  7:14  Probe (Chrono Boost)  
  44  7:18  Probe (Chrono Boost)  
  45  7:24  Probe (Chrono Boost)  
  45  7:28  Probe (Chrono Boost)  
  47  7:35  Void Ray x2, Probe (Chrono Boost)  
  56  7:39  Probe (Chrono Boost)  
  57  7:45  Probe (Chrono Boost)  
  58  7:52  Probe (Chrono Boost)  
  59  8:02  Probe (Chrono Boost)  
  59  8:05  Probe (Chrono Boost)  
  61  8:13  Probe (Chrono Boost)  
  62  8:48  Probe (Chrono Boost)  
  44  8:58  Probe (Chrono Boost)  
  45  9:13  Pylon  
  45  9:14  Pylon  
  44  9:23  Void Ray  
  44  9:24  Void Ray  
  31  10:42  Sentry x2  
  33  10:43  Sentry x2  
Show
View Real Time Build Order
Export as new Build Order

dallaskuken Protoss 

Build Orders:  

Get SALT Encoding   

  12  0:01  Probe (Chrono Boost)  
  13  0:11  Probe (Chrono Boost)  
  14  0:22  Pylon, Probe (Chrono Boost)  
  15  0:40  Gateway, Probe (Chrono Boost)  
  16  0:51  Probe (Chrono Boost)  
  16  0:56  Assimilator  
  17  1:01  Probe (Chrono Boost)  
  18  1:08  Gateway  
  18  1:12  Probe (Chrono Boost)  
  19  1:22  Probe (Chrono Boost)  
  20  1:29  Cybernetics Core  
  20  1:34  Pylon, Probe (Chrono Boost)  
  20  1:39  Assimilator  
  21  1:45  Probe (Chrono Boost)  
  22  2:05  Stalker x2  
  26  2:14  Probe (Chrono Boost)  
  27  2:19  Pylon  
  26  2:46  Stalker x2  
  30  3:19  Mothership Core (Chrono Boost)  
  30  3:46  Stalker x2  
  32  3:59  Cybernetics Core  
  32  4:08  Gateway  
  32  4:09  Gateway  
  32  4:21  Zealot x2  
  36  4:30  Nexus  
  34  5:02  Stalker x2  
  36  5:13  Stalker x2  
  38  5:17  Warp Gate  
  32  5:32  Stalker  
  29  5:55  Stalker x3  
  25  6:50  Probe (Chrono Boost)  
  26  7:00  Stalker  
  29  7:01  Probe (Chrono Boost)  
  29  7:03  Probe (Chrono Boost)  
  30  7:12  Probe (Chrono Boost)  
  31  7:22  Probe (Chrono Boost)  
  32  7:29  Probe (Chrono Boost)  
  33  7:33  Probe (Chrono Boost)  
  34  7:40  Probe (Chrono Boost)  
  34  7:43  Probe (Chrono Boost)  
  36  7:47  Gateway  
  36  7:49  Gateway  
  36  7:52  Pylon  
  36  7:54  Probe (Chrono Boost)  
  36  7:56  Pylon  
  37  8:04  Probe (Chrono Boost)  
  38  8:08  Zealot x3  
  44  8:19  Robotics Facility  
  44  8:22  Sentry  
  46  8:42  Stalker x3  
  52  9:01  Stalker  
  5  11:52  Nexus  
  5  12:25  Pylon  
  5  13:06  Probe (Chrono Boost)  
  6  13:16  Probe (Chrono Boost)  
  7  13:27  Probe (Chrono Boost)  
  8  13:38  Probe (Chrono Boost)  
Show
View Real Time Build Order
Export as new Build Order

Myran Protoss 

Build Orders:  

Get SALT Encoding   

  12  0:02  Probe (Chrono Boost)  
  13  0:16  Pylon  
  13  0:19  Probe (Chrono Boost)  
  14  0:35  Forge  
  14  0:38  Probe (Chrono Boost)  
  15  0:49  Pylon  
  15  1:07  Pylon  
  15  1:12  Photon Cannon  
  15  1:18  Photon Cannon  
  14  1:28  Probe (Chrono Boost)  
  15  1:38  Probe (Chrono Boost)  
  16  1:51  Probe (Chrono Boost)  
  17  1:55  Gateway  
  17  1:59  Pylon  
  17  2:02  Probe (Chrono Boost)  
  18  2:10  Assimilator  
  18  2:13  Probe (Chrono Boost)  
  18  2:14  Assimilator  
  19  2:28  Photon Cannon x2  
  19  3:00  Photon Cannon  
  19  3:03  Pylon  
  19  3:05  Photon Cannon  
  19  3:08  Probe (Chrono Boost)  
  20  3:18  Probe (Chrono Boost)  
  21  3:21  Zealot  
  23  3:31  Cybernetics Core  
  23  3:34  Pylon  
  23  3:36  Pylon  
  23  3:54  Probe (Chrono Boost)  
  26  3:55  Zealot  
  26  4:09  Warp Gate  
  26  4:13  Photon Cannon  
  26  4:18  Probe (Chrono Boost)  
  26  4:22  Stalker  
  29  4:48  Probe (Chrono Boost)  
  31  5:00  Probe (Chrono Boost)  
  31  5:09  Stalker  
  31  5:12  Probe (Chrono Boost)  
  34  5:39  Zealot  
  28  6:06  Gateway  
  28  6:18  Gateway  
  26  6:51  Probe (Chrono Boost)  
  27  6:57  Stalker  
  29  7:03  Probe (Chrono Boost)  
  30  7:23  Stalker x2  
  34  7:33  Protoss Ground Weapons Level 1  
  34  7:43  Gateway  
  34  7:44  Gateway  
  34  7:53  Assimilator  
  34  7:58  Probe (Chrono Boost)  
  35  8:10  Probe (Chrono Boost)  
  36  8:17  Stalker x2  
  36  8:18  Stalker  
  42  8:20  Nexus  
  42  8:21  Nexus  
  42  8:40  Twilight Council  
  42  8:44  Pylon  
  42  8:49  Zealot x2  
  46  9:00  Pylon  
  46  9:02  Pylon  
  46  9:04  Zealot x2  
  46  9:05  Zealot  
  52  9:11  Pylon  
  52  9:20  Zealot x2  
  30  9:45  Zealot  
  30  9:46  Zealot x4  
  38  9:54  Probe (Chrono Boost)  
  38  9:59  Probe (Chrono Boost)  
  32  10:04  Probe (Chrono Boost)  
  33  10:09  Stalker  
  33  10:10  Stalker x2, Probe (Chrono Boost)  
  33  10:11  Stalker  
  42  10:20  Stalker  
  42  10:21  Probe (Chrono Boost)  
  34  10:31  Probe (Chrono Boost)  
  8  10:47  Probe (Chrono Boost)  
  10  10:50  Probe (Chrono Boost)  
  10  10:58  Probe (Chrono Boost)  
  10  11:00  Probe (Chrono Boost)  
  12  11:08  Probe (Chrono Boost)  
  12  11:10  Gateway  
  12  11:11  Probe (Chrono Boost)  
  14  11:19  Probe (Chrono Boost)  
  14  11:21  Probe (Chrono Boost)  
  16  11:29  Probe (Chrono Boost)  
  16  11:32  Probe (Chrono Boost)  
  18  12:01  Probe (Chrono Boost)  
  19  12:05  Cybernetics Core  
  19  12:08  Zealot  
  21  12:11  Probe (Chrono Boost)  
  21  12:13  Probe (Chrono Boost)  
  23  12:18  Gateway  
  23  12:21  Forge  
  23  12:22  Probe (Chrono Boost)  
  24  12:24  Probe (Chrono Boost)  
  25  12:31  Zealot  
  27  12:56  Pylon  
  23  13:03  Probe (Chrono Boost)  
  16  13:11  Nexus  
  13  13:14  Probe (Chrono Boost)  
  13  13:15  Pylon  
  6  14:11  Nexus  
Tags
 
Add a new tag
Caveats
  • Supply blocks, unpowered buildings, or Contaminate may cause inaccurate times.
  • Supply counts are checked every 10 seconds.